 Dungeon Crawl Stone Soup version 0.32-a0-938-g40ac7a0f4d (webtiles) character file.

Game seed: 594508223319367205

813 ParallaxScroll the Sneak (level 8, 0/60 HPs)
             Began as a Formicid Artificer on Apr 15, 2024.
             Was an Initiate of Dithmenos.
             Killed from afar by a steam dragon (9 damage)
             ... with a ball of steam
             ... on level 6 of the Dungeon on Apr 16, 2024.
             The game lasted 00:37:52 (3881 turns).

ParallaxScroll the Sneak (Formicid Artificer)       Turns: 3881, Time: 00:37:52

Health: 0/60       AC:  6    Str: 17    XL:     8   Next: 15%
Magic:  8/8        EV: 10    Int: 11    God:    Dithmenos [......]
Gold:   341        SH:  0    Dex: 16    Spells: 7/7 levels left

rFire   . . .        a - +0 dagger (venom)
rCold   + . .        (no shield)
rNeg    . . .        t - +1 ring mail {rC+}
rPois   .            (helmet unavailable)
rElec   .            (no cloak)
rCorr   .            (no gloves)
SInv    +            (no boots)
Will    .....        n - amulet of regeneration
Stlth   +            p - ring of wizardry
HPRegen 1.10/turn    (no ring)
MPRegen 0.11/turn

%: wizardry (x1)
@: confused, ambrosia-drunk
A: permanent stasis, dig shafts and tunnels, antennae 3, four strong arms, fangs
1, inability to drink after injury 1
a: Dig, Shaft Self, Renounce Religion


You were on level 6 of the Dungeon.
You worshipped Dithmenos.
Dithmenos was noncommittal.
You visited 1 branch of the dungeon, and saw 6 of its levels.

You collected 341 gold pieces.

Inventory:

Hand Weapons
 a - a +0 dagger of venom (weapon)
 b - a +0 giant club
 d - a +0 vampiric flail
 g - a +0 whip
 h - a +0 club
 k - a +0 spear
 l - a +0 short sword
 w - a +0 hand axe
 I - the +8 trident of Upheaval {freeze, rC+ rCorr}
   (You found it on level 5 of the Dungeon)

   rC+:       It protects you from cold.
   rCorr:     It protects you from acid and corrosion.
 J - a +0 morningstar
 M - a +0 war axe
Missiles
 c - 2 boomerangs
 f - 38 stones
 C - a poisoned dart (quivered)
 H - 6 darts of dispersal
Armour
 t - a +1 ring mail of cold resistance (worn)
 u - a +2 robe of willpower
 x - a +0 chain mail
Magical Staves
 y - a staff of conjuration
 L - a staff of conjuration
Jewellery
 i - an amulet of magic regeneration
 n - an amulet of regeneration (around neck)
 p - a ring of wizardry (left hand)
Wands
 e - a wand of iceblast (5)
 E - a wand of charming (8)
 F - a wand of flame (11)
Scrolls
 j - a scroll of enchant armour
 m - a scroll of enchant weapon
 q - a scroll of brand weapon
 r - a scroll of fear {unknown}
 s - a scroll of blinking {unknown}
 v - 2 scrolls of revelation
 B - a scroll of vulnerability {unknown}
Potions
 o - a potion of cancellation
 A - a potion of brilliance
 D - a potion of mutation
 G - a potion of berserk rage {unknown}
 K - a potion of heal wounds {unknown}


   Skills:
 - Level 4.0 Fighting
 - Level 2.0 Short Blades
 - Level 4.5 Maces & Flails
 - Level 0.8 Polearms
 - Level 1.0 Throwing
 - Level 3.0 Armour
 - Level 2.0 Dodging
 + Level 5.8 Stealth
 - Level 3.4 Evocations


You had 7 spell levels left.
You didn't know any spells.
Your spell library contained the following spells:

 Spells                   Type           Power      Damage    Failure   Level
 Freeze                   Ice            0%         1d3       26%         1
 Lesser Beckoning         Tloc           0%         N/A       34%         2
 Dazzling Flash           Conj/Hex       0%         N/A       56%         3
 Frozen Ramparts          Ice            0%         1d1       56%         3
 Hailstorm                Conj/Ice       0%         3d5       56%         3
 Mephitic Cloud           Conj/Alch/Air  0%         N/A       56%         3
 Teleport Other           Tloc           0%         N/A       56%         3
 Curse of Agony           Necr           0%         N/A       99%         5
 Silence                  Hex/Air        0%         N/A       99%         5
 Maxwell's Portable Pile  Tloc           Unusable   2d(5-13)  N/A         3

Dungeon Overview and Level Annotations

Branches:
Dungeon (6/15)             Temple (0/1) D:6

Altars:
Ashenzari
Dithmenos

Shops:
D:4 [

Annotations:
D:4 Blork the orc, Ijyb, Sigmund
D:5 exclusion: sensed monster (detected)
D:6 exclusions: gnoll, sensed monster (detected) and steam dragon


Innate Abilities, Weirdness & Mutations

You cannot be hasted, slowed, berserked, paralysed or teleported.
You can dig through walls and to a lower floor.
You have a pair of large antennae on your head. (SInv)
Your four strong arms can wield two-handed weapons with a shield.
You have very sharp teeth.
You occasionally lose the ability to drink potions when taking damage.


Message History

You need to enable at least one skill for training. 3 gnolls come into view.
A gnoll is wielding a +0 club and quivering a throwing net.
You see here a sky beast corpse.
Found a broken altar of Ashenzari.
You now have 341 gold pieces (gained 9).
A steam dragon comes into view.
The steam dragon hisses angrily.
You open the door.
A steam dragon is nearby!
You start waiting.
A steam dragon is nearby!
The steam dragon breathes steam at you. The ball of steam hits you!!
You hear a loud, deep croak!
The steam dragon bites you. The steam dragon claws you.
You hit the steam dragon but do no damage.
You are engulfed in a cloud of scalding steam.
The steam dragon bites you. The steam dragon claws you.
* * * LOW HITPOINT WARNING * * *
The steam dragon barely misses you.
The steam dragon claws you but does no damage.
It was a potion of mutation.
You feel extremely strange.
Your teeth lengthen and sharpen.
You occasionally lose the ability to drink potions when taking damage.
You are engulfed in a cloud of scalding steam.
* * * LOW HITPOINT WARNING * * *
The steam dragon bites you.
* * * LOW HITPOINT WARNING * * *
The steam dragon closely misses you.
Unknown command.
Unknown command.
Unknown command.
Unknown command.
It was a potion of ambrosia.
You are confused.
You feel invigorated. The steam dragon breathes steam at you.
The ball of steam hits you!
You die...

#. #........ ### .## ##.......#
#.###..###### .... .. .........#
#.##._.# ## ........ .........#
#......# #. ......#.###.......#
#.##...# #. ..###.#... .......#
#.##...# #. .......>.##.......
#......# #.
.........÷..###'#####......# #.
................@......##..# #.
..##..#..##.###D......###..# #.
..##..##.##.###.#####.###..#####.
.................................
.........##.#...#####............
............##.## #####..#####.
..##..#..####.. #........
..##.....# #...{ ########.
#.....#..# #≈.ß{ #....


You could see a steam dragon (catching breath).

Vanquished Creatures
  2 sky beasts (D:6)
  2 ogres (D:5)
  2 scorpions
  An orc priest (D:2)
  A bombardier beetle (D:5)
  A hound (D:4)
  A jelly (D:4)
  An iguana (D:6)
  An orc wizard (D:5)
  2 gnolls (D:3)
  5 adders
  A shadow imp (D:5)
  2 dart slugs
  10 orcs
  6 bats
  6 endoplasms
  7 goblins
  3 hobgoblins
  3 jackals (D:3)
  4 quokkas
  2 frilled lizards
  8 kobolds
  3 rats (D:1)
74 creatures vanquished.

Vanquished Creatures (collateral kills)
  A gnoll (D:3)
  An adder (D:5)
  7 orcs
  A bat (D:3)
  A rat (D:3)
11 creatures vanquished.

Vanquished Creatures (others)
  An orc priest (D:5)
1 creature vanquished.

Grand Total: 86 creatures vanquished

Notes
Turn   | Place    | Note
-------+----------+-------------------------------------------
     0 | D:1      | ParallaxScroll the Formicid Artificer began the quest for
                  | the Orb.
     0 | D:1      | Reached XP level 1. HP: 15/15 MP: 1/1
   217 | D:1      | Reached skill level 1 in Dodging
   217 | D:1      | Reached XP level 2. HP: 10/22 MP: 2/2
   364 | D:1      | Reached skill level 2 in Stealth
   839 | D:1      | Reached XP level 3. HP: 27/28 MP: 3/3
  1146 | D:2      | Reached skill level 1 in Maces & Flails
  1191 | D:2      | Reached XP level 4. HP: 19/35 MP: 4/4
  2066 | D:3      | Reached XP level 5. HP: 41/41 MP: 5/5
  2638 | D:4      | Reached XP level 6. HP: 25/47 MP: 6/6
  2743 | D:4      | Reached skill level 1 in Throwing
  2792 | D:4      | Noticed Sigmund
  2804 | D:4      | Noticed Blork the orc
  2837 | D:4      | Noticed Ijyb
  2851 | D:5      | Entered Level 5 of the Dungeon
  2857 | D:5      | Noticed an ogre
  2863 | D:5      | Killed an ogre
  2864 | D:5      | Reached skill level 3 in Stealth
  2973 | D:5      | Reached skill level 4 in Stealth
  2973 | D:5      | Reached XP level 7. HP: 33/52 MP: 7/7
  3045 | D:5      | Identified the +8 trident of Upheaval {freeze, rC+ rCorr}
  3100 | D:4      | Found Iggikuk's Antique Armour Boutique.
  3281 | D:5      | Found a shadowy altar of Dithmenos.
  3292 | D:5      | Became a worshipper of Dithmenos the Shadowed
  3577 | D:6      | Reached skill level 1 in Short Blades
  3625 | D:6      | Found a staircase to the Ecumenical Temple.
  3674 | D:6      | Noticed a steam dragon
  3721 | D:6      | Reached XP level 8. HP: 58/60 MP: 8/8
  3807 | D:6      | Reached skill level 5 in Stealth
  3851 | D:6      | Found a broken altar of Ashenzari.
  3880 | D:6      | Gained mutation: You have very sharp teeth. [potion of
                  | mutation]
  3880 | D:6      | Gained mutation: You occasionally lose the ability to drink
                  | potions when taking damage. [potion of mutation]
  3881 | D:6      | Killed from afar by a steam dragon

Illustrated notes

Levels and vault maps discovered:
D:1:      onia_arrival_mini_maze, layout_rooms
D:2:      cheibrodos_pilgrimage, layout_rooms
D:3:      layout_rooms, minmay_cupped
D:4:      layout_rooms, lemuel_crystal_altar, serial_park_tiny_pond,
          nicolae_take_the_stairs, uniq_grinder, uniq_ijyb, uniq_blork_the_orc,
          uniq_sigmund, uniq_natasha
D:5:      layout_basic, grunt_dithmenos_smoke, pf_guarded_unrand_meek
D:6:      cheibrodos_steamvent, layout_basic, overflow_temple_1_default,
          minmay_temple_entry_arrows, minmay_fractal_squares_5,
          uniq_crazy_yiuf_cottage

Skill      XL: |  1  2  3  4  5  6  7  8 |
---------------+-------------------------+-----
Fighting       | 2 3 4 |  4.0
Dodging        | 1 2 |  2.0
Stealth        | 2 4 5 |  5.8
Maces & Flails | 1 2 3 4 |  4.5
Throwing       | 1 |  1.0
Armour         | 3 |  3.0
Short Blades   | 2 |  2.0
Polearms       | |  0.8
Evocations     | |  3.4

Action                     |  1- 3 |  4- 6 |  7- 9 || total
---------------------------+-------+-------+-------++-------
  Melee: Dagger            |    27 |       |    23 ||    50
         Club              |     7 |       |       ||     7
         Whip              |    37 |       |       ||    37
         Flail             |    17 |   133 |       ||   150
         Giant club        |       |    14 |    51 ||    65
  Throw: Stone             |    13 |    18 |     7 ||    38
         Dart              |       |     6 |     2 ||     8
  Evoke: Wand              |     8 |    11 |     1 ||    20
    Use: Potion            |     2 |       |     3 ||     5
         Scroll            |     1 |     5 |     1 ||     7
   Stab: Sleeping          |     2 |       |     3 ||     5
         Distracted        |       |       |     1 ||     1
 Armour: Leather armour    |    41 |       |       ||    41
         Robe              |       |    74 |       ||    74
         Ring mail         |       |    38 |    56 ||    94
  Dodge: Dodged            |    42 |    97 |    42 ||   181

Table legend: (Time is in decaauts)
 A = Elapsed time spent in this place.
 B = Non-inter-level travel time spent in this place.
 C = Inter-level travel time spent in this place.
 D = Time resting spent in this place.
 E = Time spent auto-exploring this place.
 F = Levels seen in this place.
 G = Mean time per level.
                   A        B        C        D        E       F      G
               +--------+--------+--------+--------+--------+-----+--------+
         Total |   3955 |   3662 |    293 |    379 |   2165 |   6 |  659.2 |
       Dungeon |   3955 |   3662 |    293 |    379 |   2165 |   6 |  659.2 |
               +--------+--------+--------+--------+--------+-----+--------+

Top non-repeatable levels by time:
     D:2: 1162 daAuts
     D:1: 880 daAuts
     D:5: 734 daAuts
     D:3: 706 daAuts
     D:6: 313 daAuts
     D:4: 157 daAuts
